Match 41848869
Unlisted

Match 41848869
End
Construct Infanterie Kompanie
Pioneer Squad
MG 42 Machine Gun Team
Selects Terror Battlegroup
Selects Machine Gun Camouflage
Grenadier Squad
MG 42 Machine Gun Team
Construct Panzergrenadier Kompanie
Grenadier Squad
Pak 40 Anti-tank Gun Team
Selects Contempt for the Weak
Panzergrenadier Squad
Medical Bunker
Support Elements
StuG III G Assault Gun
Pioneer Squad
Panzergrenadier Squad
GrW 34 Mortar Team
Pioneer Squad
Nebelwerfer 42 Rocket Launcher Team
Construct Panzer Kompanie
Panzer IV Medium Tank
Pak 40 Anti-tank Gun Team
Selects Propaganda Leaflet Drop
Selects V1 Rocket Strike
V1 Rocket Strike
Grand.G
Mr Gerbik
0
0

Comments sign in to comment!

No comments posted yet!